 Dungeon Crawl Stone Soup version 0.30.0-19-g36f170ea60 (webtiles) character file.

Game seed: 17918247653638382345

129 Graphine the Grave Robber (level 4, -3/24 HPs)
             Began as a Deep Elf Necromancer on June 1, 2023.
             Slain by a phantom (6 damage)
             ... on level 3 of the Dungeon.
             The game lasted 00:05:18 (2614 turns).

Graphine the Grave Robber (Deep Elf Necromancer)    Turns: 2614, Time: 00:05:19

Health: -3/24      AC:  2    Str:  5    XL:     4   Next: 88%
Magic:  13/13      EV: 12    Int: 22    God:
Gold:   220        SH:  0    Dex: 15    Spells: 3/13 levels left

rFire   . . .        j - +4 mace
rCold   . . .        (no shield)
rNeg    . . .        a - +0 robe
rPois   .            i - +0 hat
rElec   .            (no cloak)
rCorr   .            (no gloves)
SInv    .            (no boots)
Will    .....        (no amulet)
Stlth   ++           m - ring of wizardry
HPRegen 0.24/turn    (no ring)
MPRegen 0.13/turn

%: wizardry (x1)
@: no status effects
A: no striking features
a: no special abilities


You were on level 3 of the Dungeon.
You visited 1 branch of the dungeon, and saw 3 of its levels.

You collected 220 gold pieces.

Inventory:

Hand Weapons
 j - a +4 mace (weapon)
 k - a +2 falchion of holy wrath
Armour
 a - a +0 robe (worn)
 i - a +0 hat (worn)
Jewellery
 m - a ring of wizardry (left hand)
Scrolls
 c - 4 scrolls of identify {unknown}
 d - 2 scrolls of poison {unknown}
 e - 4 scrolls of teleportation {unknown}
 l - a scroll of amnesia {unknown}
Potions
 b - a potion of magic
 f - 2 potions of cancellation {unknown}
 g - a potion of invisibility {unknown}
 h - 3 potions of curing {unknown}


   Skills:
 - Level 2.4 Dodging
 - Level 2.4 Stealth
 + Level 5.3 Spellcasting
 + Level 6.3 Necromancy


You had 3 spell levels left.
You knew the following spells:

 Your Spells              Type           Power      Damage    Failure   Level
a - Necrotise             Necr           100%       1d9       1%          1
b - Vampiric Draining     Necr           33%        2d8       1%          3
c - Animate Dead          Necr           33%        N/A       2%          4
d - Ensorcelled Hibernat  Hex/Ice        10%        N/A       6%          2

Your spell library contained the following spells:

 Spells                   Type           Power      Damage    Failure   Level
 Passwall                 Tmut/Erth      4%         N/A       6%          2
 Swiftness                Air            5%         N/A       12%         3
 Agony                    Necr           33%        N/A       9%          5


Dungeon Overview and Level Annotations

Branches:
Dungeon (3/15)

Altars:


Message History

Press: ? - help, Shift-Dir - straight line, f/p - phantom
Aim: a phantom (severely damaged, 56% to hit)
The puff of flame misses the phantom.
The phantom hits you.
You blink.
Aiming: Throw Flame
Press: ? - help, Shift-Dir - straight line, f/p - phantom
Aim: a phantom (severely damaged, 56% to hit)
The puff of flame misses the phantom.
The phantom hits you but does no damage.
Aiming: Throw Flame
Press: ? - help, Shift-Dir - straight line, f/p - phantom
Aim: a phantom (severely damaged, 56% to hit)
The puff of flame hits the phantom.
The phantom is almost destroyed.
The phantom misses you.
Aiming: Throw Flame
Press: ? - help, Shift-Dir - straight line, f/p - phantom
Aim: a phantom (almost destroyed, 56% to hit)
The puff of flame misses the phantom.
The phantom hits you.
Aiming: Throw Flame
Press: ? - help, Shift-Dir - straight line, f/p - phantom
Aim: a phantom (almost destroyed, 56% to hit)
The puff of flame misses the phantom.
The now-empty wand crumbles to dust.
The phantom hits you.
* * * LOW HITPOINT WARNING * * *
The phantom blinks!
You blink.
You aren't carrying any items that you can evoke.
You aren't carrying any items that you can evoke.
You hit the phantom.
The phantom is almost destroyed.
The phantom hits you.
* * * LOW HITPOINT WARNING * * *
The phantom blinks!
You blink.
You closely miss the phantom.
The phantom is almost destroyed.
The phantom closely misses you. The phantom misses you.
Unknown command.
You hit the phantom but do no damage.
The phantom is almost destroyed.
The phantom hits you.
You die...

....Z...#
#######.#
#.# #.# #.#
#.# #.# #†#
#.# #.# #.#
#.# #.#
#.########.#
#........W@#
############


You could see a phantom.

Vanquished Creatures
  Jessica (D:2)
  2 adders
  A gnoll (D:1)
  2 worms (D:3)
  4 dart slugs
  An orc (D:3)
  5 bats
  8 endoplasms
  4 giant cockroaches
  7 goblins
  3 hobgoblins
  4 kobolds
  3 quokkas
  5 ball pythons
  2 frilled lizards (D:1)
  4 rats
56 creatures vanquished.

Vanquished Creatures (collateral kills)
  A dart slug (D:2)
  A rat (D:1)
2 creatures vanquished.

Vanquished Creatures (others)
  An orc zombie (D:3)
1 creature vanquished.

Grand Total: 59 creatures vanquished

Notes
Turn   | Place    | Note
-------+----------+-------------------------------------------
     0 | D:1      | Graphine the Deep Elf Necromancer began the quest for the
                  | Orb.
     0 | D:1      | Reached XP level 1. HP: 10/10 MP: 6/6
   214 | D:1      | Reached skill level 5 in Necromancy
   227 | D:1      | Reached XP level 2. HP: 15/15 MP: 2/8
   386 | D:1      | Found a faded altar of an unknown god.
   485 | D:1      | Reached XP level 3. HP: 19/19 MP: 4/10
  1173 | D:1      | Learned a level 3 spell: Vampiric Draining
  1368 | D:2      | Noticed Jessica
  1370 | D:2      | Killed Jessica
  1371 | D:2      | Reached XP level 4. HP: 24/24 MP: 8/12
  1578 | D:2      | Reached skill level 6 in Necromancy
  1718 | D:2      | Reached skill level 5 in Spellcasting
  1974 | D:2      | Learned a level 4 spell: Animate Dead
  1977 | D:2      | Learned a level 2 spell: Ensorcelled Hibernation
  2358 | D:3      | Identified the +6 flail of Untimely Demise {freeze, rC+
                  | Will- SInv}
  2597 | D:3      | Noticed a phantom
  2614 | D:3      | Slain by a phantom

Illustrated notes

Levels and vault maps discovered:
D:1:      shiori_shiawase, layout_basic, dreamdust_ecumenical_altar_grove,
          nrook_loot_triangle, dreamdust_princess_corridor, wad_floor_pattern_2
D:2:      layout_rooms, kennysheep_donut, minmay_misc_feat_roman, uniq_jessica
D:3:      layout_basic

Skill      XL: |  1  2  3  4 |
---------------+-------------+-----
Necromancy     | 5 6 |  6.3
Spellcasting   | 4 5 |  5.3
Dodging        | |  2.4
Stealth        | |  2.4

Action                     |  1- 3 |  4- 6 || total
---------------------------+-------+-------++-------
  Melee: Unarmed           |     2 |       ||     2
         Mace              |       |     5 ||     5
   Cast: Necrotise         |    53 |    44 ||    97
         Animate Dead      |       |     1 ||     1
  Evoke: Wand              |       |    12 ||    12
 Armour: Robe              |     7 |     2 ||     9
  Dodge: Dodged            |     6 |    10 ||    16
